 Dungeon Crawl Stone Soup version 0.17-a0-1582-ge6b0260 (webtiles) character file.

5516 Chiseanne the Destroyer (level 10, -6/67 HPs)
             Began as a Demonspawn Wanderer on July 27, 2015.
             Was a Priest of Vehumet.
             Mangled by a troll (8 damage)
             ... on level 9 of the Dungeon on July 28, 2015.
             The game lasted 00:36:34 (13007 turns).

Chiseanne the Destroyer (Demonspawn Wanderer)      Turns: 13007, Time: 00:36:34

Health: -6/67      AC: 13    Str: 17    XL:     10   Next: 43%
Magic:  16/23      EV: 11    Int: 17    God:    Vehumet [***...]
Gold:   320        SH:  0    Dex: 13    Spells: 6 memorised, 16 levels left

rFire  + . .     SeeInvis +     a - +1 trident (protect)
rCold  . . .     Clarity  .     o - troll hide {Purgy}
rNeg   . . .     SustAt   .     (no shield)
rPois  .         Gourm    .     n - +1 helmet
rElec  .         Spirit   .     K - +0 cloak
rCorr  .         Warding  .     (no gloves)
rMut   .         Stasis   .     (no boots)
MR     .....                    (no amulet)
Stlth  +++.......               F - ring of protection from fire
                                E - ring of see invisible

@: mighty, not resistant to hostile enchantments, fairly stealthy
A: claws 2, yellow scales 2, nightstalker 2, powered by pain 1
a: Renounce Religion


You were on level 9 of the Dungeon.
You worshipped Vehumet.
Vehumet was most pleased with you.
You were very hungry.

You visited 2 branches of the dungeon, and saw 10 of its levels.

You collected 320 gold pieces.

Inventory:

Hand weapons
 a - a +1 trident of protection (weapon)
 e - a +4 shortbow
 q - a +1 hunting sling of flaming
 s - a +2 whip of venom
 J - the +1 rapier of Femm {pain, +Blink rN+ Str+4 Stlth-}
   (You found it on level 4 of the Dungeon)

   In the hands of one skilled in necromantic magic, it inflicts extra damage on
   living creatures.
   It affects your strength (+4).
   It protects you from negative energy.
   It lets you blink.
   It makes you less stealthy.
Missiles
 b - 64 arrows
 h - 7 steel sling bullets
 j - 23 sling bullets
 l - 9 bolts
 t - 31 poisoned needles
 u - 18 arrows of frost
 y - 3 exploding tomahawks (quivered)
 B - 9 arrows of flame
Armour
 n - a +1 helmet (worn)
 o - a troll hide (worn) {Purgy}
 v - the +1 leather armour of Nofesch {rN+}
   (You found it on level 8 of the Dungeon)

   It protects you from negative energy.
 K - a +0 cloak (worn)
Jewellery
 E - a ring of see invisible (left claw)
 F - a ring of protection from fire (right claw)
Magical devices
 A - a wand of paralysis (20)
 C - a wand of enslavement (9)
 H - a wand of cold (6)
Scrolls
 g - 4 scrolls of recharging
 k - a scroll of magic mapping
 m - a scroll of remove curse
 x - 3 scrolls of teleportation
 D - 2 scrolls of fog
 M - 2 scrolls of identify
Potions
 i - a potion of agility
 r - 2 potions of resistance
 z - a potion of cancellation
 G - 2 potions of brilliance
 L - a potion of flight
 N - a potion of haste
Books
 c - the Incunabulum of the Arsonist

   Spells                             Type                      Level
   a - Flame Tongue                   Conjuration/Fire             1
   b - Inner Flame                    Hexes/Fire                   3
 d - a book of Geomancy

   Spells                             Type                      Level
   a - Sandblast                      Earth                        1
   b - Stoneskin                      Transmutation/Earth          2
   c - Passwall                       Transmutation/Earth          3
   d - Stone Arrow                    Conjuration/Earth            3
   e - Petrify                        Transmutation/Earth          4
   f - Lee's Rapid Deconstruction     Earth                        5
 I - a book of Battle

   Spells                             Type                      Level
   a - Infusion                       Charms                       1
   b - Shroud of Golubria             Charms/Translocation         2
   c - Song of Slaying                Charms                       2
   d - Spectral Weapon                Hexes/Charms                 3
   e - Regeneration                   Charms/Necromancy            3
Comestibles
 f - 4 bread rations
 p - 3 meat rations
 w - 24 fruits


   Skills:
 - Level 2.0 Fighting
 - Level 1.0 Bows
 - Level 1.0 Throwing
 + Level 0.3 Armour
 + Level 0.6 Dodging
   Level 1.0 Shields
 - Level 9.8 Spellcasting
 - Level 9.8 Conjurations
 - Level 4.7 Hexes
 - Level 3.0 Fire Magic
 - Level 2.6 Ice Magic


You had 16 spell levels left.
You knew the following spells:

 Your Spells              Type           Power        Failure   Level  Hunger
a - Magic Dart            Conj           ####         1%          1    None
b - Flame Tongue          Conj/Fire      ####.        1%          1    None
c - Stone Arrow           Conj/Erth      ####..       1%          3    None
d - Searing Ray           Conj           #####.       1%          2    None
e - Ensorcelled Hibernat  Hex/Ice        ###...       3%          2    None
f - Inner Flame           Hex/Fire       ###.....     2%          3    None


Dungeon Overview and Level Annotations

Branches:
Dungeon (9/15)             Temple (1/1) D:4
   Lair: D:8-11         Orc: D:9-12

Altars:
Ashenzari
Cheibriados
Dithmenos
Elyvilon
Fedhas
Gozag
Kikubaaqudgha
Makhleb
Nemelex Xobeh
Okawaru
Qazlal
Ru
Sif Muna
Trog
Vehumet
Xom
Yredelemnul
Zin
The Shining One


Innate Abilities, Weirdness & Mutations

You have very sharp fingernails.
You are mostly covered in yellow scales (AC +3).
You are significantly more attuned to the shadows.
You sometimes gain a little power by taking damage.


Message History

The troll is moderately wounded.
The troll barely misses you. The troll claws you. The troll barely misses you.
The searing ray hits the troll.
The troll is heavily wounded.
The troll bites you! The troll barely misses you.
The troll claws you but does no damage. The troll closely misses you.
The troll barely misses you. The troll claws you but does no damage.
The troll closely misses you. The troll claws you but does no damage.
The troll claws you! The troll closely misses you. The troll barely misses you.
The troll claws you. The troll bites you!
You focus on the pain.
You feel very mighty all of a sudden. The troll claws you!
* * * LOW HITPOINT WARNING * * *
The troll claws you but does no damage. The troll misses you.
The troll claws you.
* * * LOW HITPOINT WARNING * * *
The troll claws you!
You die...

.# #.# #.# #+ #.# #..
#### #.#### #T.. ...#
#.##.## #....
...########.#...####.....
................@T.'.....
...#######......####.....
......# #...#.## #....
##.##.# #...### #...
....#.# ##.## #.. #.....#
#.# #' #.#.#.# ......#
#.#.###


You could see a troll.

Vanquished Creatures
  The ghost of Chiseanne the Fighter, an experienced DsWn of Gozag (D:8)
  Joseph (D:7)
  2 hungry ghosts (D:9)
  3 yaks (D:9)
  Duvessa (D:7)
  4 orc warriors
  3 ogres
  3 sky beasts
  Purgy (D:3)
  3 ice beasts
  2 phantoms
  2 centaurs
  5 giant frogs
  Dowan (D:7)
  A scorpion (D:8)
  7 wights
  10 killer bees
  A crimson imp (D:7)
  A centaur zombie (D:7)
  A giant frog zombie (D:5)
  3 orc priests
  A centaur skeleton (D:6)
  2 giant frog skeletons (D:4)
  5 hounds
  A jelly (D:7)
  An iguana (D:6)
  Natasha (thrice) (D:2)
  4 worker ants
  5 orc wizards
  Robin (D:3)
  9 adders
  2 shadow imps
  An adder skeleton (D:6)
  An adder zombie (D:3)
  2 oozes
  5 worms
  5 giant geckos
  34 orcs
  4 ball pythons
  14 bats
  3 bat skeletons
  2 giant cockroaches (D:3)
  23 goblins
  12 hobgoblins
  15 kobolds
  2 giant gecko skeletons (D:5)
  4 giant newts
  12 jackals
  5 quokkas
  A quokka skeleton (D:6)
  11 rats
246 creatures vanquished.

Vanquished Creatures (collateral kills)
  An orc wizard (D:6)
1 creature vanquished.

Vanquished Creatures (others)
  A giant newt (D:2)
1 creature vanquished.

Grand Total: 248 creatures vanquished

Notes
Turn   | Place    | Note
--------------------------------------------------------------
     0 | D:1      | Chiseanne the Demonspawn Wanderer began the quest for the Orb.
     0 | D:1      | Chiseanne set off with: a +2 shortbow, 27 arrows, the Incunabulum of the Arsonist, Sovogeut's Volume of Cold, a +0 robe, a bread ration
     0 | D:1      | Reached XP level 1. HP: 16/16 MP: 3/3
     0 | D:1      | Identified the Incunabulum of the Arsonist
     0 | D:1      | Identified Sovogeut's Volume of Cold
     2 | D:1      | Learned a level 1 spell: Flame Tongue
   376 | D:1      | Reached skill level 1 in Conjurations
   669 | D:1      | Gained mutation: You sometimes gain a little power by taking damage. [demonic ancestry]
   669 | D:1      | Reached XP level 2. HP: 22/22 MP: 1/5
  1627 | D:1      | Learned a level 2 spell: Ensorcelled Hibernation
  1779 | D:2      | Gained mutation: You have sharp fingernails. [demonic ancestry]
  1779 | D:2      | Reached XP level 3. HP: 27/27 MP: 4/7
  2259 | D:2      | Reached skill level 1 in Hexes
  2392 | D:2      | Found a sparkling altar of Nemelex Xobeh.
  2446 | D:2      | Noticed Natasha
  2450 | D:2      | Killed Natasha
  2532 | D:2      | Gained mutation: You are slightly more attuned to the shadows. [demonic ancestry]
  2532 | D:2      | Reached XP level 4. HP: 29/33 MP: 4/8
  2729 | D:2      | Noticed Natasha
  2743 | D:2      | Killed Natasha
  2806 | D:2      | Reached skill level 3 in Spellcasting
  2941 | D:2      | Noticed Natasha
  2943 | D:2      | Killed Natasha
  3150 | D:3      | Noticed Purgy
  3167 | D:3      | Killed Purgy
  3167 | D:3      | Reached XP level 5. HP: 13/38 MP: 0/10
  3441 | D:3      | Noticed Robin
  3445 | D:3      | Killed Robin
  3793 | D:3      | Found a burning altar of Makhleb.
  3845 | D:3      | Learned a level 2 spell: Throw Frost
  3849 | D:3      | Learned a level 3 spell: Inner Flame
  4553 | D:4      | Gained mutation: You are partially covered in yellow scales (AC +2). [demonic ancestry]
  4553 | D:4      | Reached XP level 6. HP: 44/44 MP: 9/11
  4580 | D:4      | Found a snail-covered altar of Cheibriados.
  4761 | D:4      | Got a fine rapier
  4763 | D:4      | Identified the +1 rapier of Femm {pain, +Blink rN+ Str+4 Stlth-} (You found it on level 4 of the Dungeon)
  4843 | D:4      | Reached skill level 4 in Spellcasting
  5274 | D:4      | Found a staircase to the Ecumenical Temple.
  5303 | D:4      | Gained mutation: You have very sharp fingernails. [demonic ancestry]
  5303 | D:4      | Reached XP level 7. HP: 37/50 MP: 5/13
  5877 | Temple   | Entered the Ecumenical Temple
  5965 | Temple   | Became a worshipper of Vehumet
  6054 | D:5      | Entered Level 5 of the Dungeon
  6350 | D:5      | Found a glowing golden altar of the Shining One.
  6384 | D:5      | Reached skill level 5 in Spellcasting
  6393 | D:5      | Reached skill level 5 in Conjurations
  6585 | D:5      | Acquired Vehumet's first power
  6585 | D:5      | Offered knowledge of Magic Dart by Vehumet.
  6978 | D:5      | HP: 1/50 [ogre/giant club (13)]
  6980 | D:5      | Gained mutation: You are mostly covered in yellow scales (AC +3). [demonic ancestry]
  6980 | D:5      | Reached XP level 8. HP: 1/56 MP: 11/16
  7636 | D:6      | Reached skill level 6 in Conjurations
  7666 | D:6      | Learned a level 1 spell: Magic Dart
  8695 | D:6      | Reached skill level 7 in Conjurations
  9524 | D:7      | Gained mutation: You are significantly more attuned to the shadows. [demonic ancestry]
  9524 | D:7      | Reached XP level 9. HP: 61/61 MP: 13/19
  9762 | D:7      | Noticed Joseph
  9786 | D:7      | Killed Joseph
  9786 | D:7      | Reached skill level 8 in Conjurations
 10303 | D:7      | Noticed Dowan
 10307 | D:7      | Noticed Duvessa
 10324 | D:7      | Killed Duvessa
 10332 | D:7      | Killed Dowan
 10359 | D:7      | Offered knowledge of Freeze by Vehumet.
 11062 | D:8      | Noticed Chiseanne's ghost (experienced DsWn)
 11088 | D:8      | Killed Chiseanne's ghost
 11088 | D:8      | Reached skill level 9 in Conjurations
 11233 | D:8      | Got a faintly humming leather armour
 11248 | D:8      | Identified the +1 leather armour of Nofesch {rN+} (You found it on level 8 of the Dungeon)
 11633 | D:8      | Reached XP level 10. HP: 53/67 MP: 18/23
 12017 | D:9      | Offered knowledge of Searing Ray by Vehumet.
 12021 | D:9      | Learned a level 2 spell: Searing Ray
 12025 | D:9      | Learned a level 3 spell: Stone Arrow
 12386 | D:9      | Reached skill level 1 in Fire Magic
 12503 | D:9      | Acquired Vehumet's second power
 12893 | D:9      | Found a basalt altar of Yredelemnul.
 13007 | D:9      | HP: 2/67 [troll (6)]
 13007 | D:9      | Mangled by a troll

Vault maps used:
D:1:      co_arrival_random_square_maze
D:2:      nemelex_altar_shiori, uniq_natasha
D:3:      serial_undead, serial_undead_d, serial_undead_f, serial_undead_c,
          serial_undead_e, lemuel_tele_altar, uniq_robin, uniq_purgy
D:4:      kennysheep_mini_moat, minmay_temple_entry_mist
D:5:      first_bread, nicolae_tso_carved_into_rock
D:7:      minmay_misc_feat_ornament, uniq_duvessa, uniq_joseph
D:9:      basic_altar, blue_anna_alchemist
Temple:   grunt_circular_temple_18

Action                   |  1- 3 |  4- 6 |  7- 9 | 10-12 || total
-------------------------+-------+-------+-------+-------++-------
Melee: Spear             |    28 |       |       |       ||    28
       Short sword       |    54 |    13 |       |       ||    67
       Rapier            |       |     5 |    30 |       ||    35
       Dagger            |       |       |     7 |       ||     7
       Trident           |       |       |       |    12 ||    12
 Fire: Shortbow          |     2 |    73 |   141 |       ||   216
       Hunting sling     |       |     6 |       |       ||     6
 Cast: Flame Tongue      |    55 |    89 |   183 |    87 ||   414
       Ensorcelled Hiber |       |     1 |    16 |     2 ||    19
       Magic Dart        |       |       |    98 |    26 ||   124
       Inner Flame       |       |       |     4 |       ||     4
       Throw Frost       |       |       |     2 |       ||     2
       Stone Arrow       |       |       |       |     6 ||     6
       Searing Ray       |       |       |       |     5 ||     5
Evoke: Wand              |       |       |     6 |       ||     6
  Use: Potion            |     1 |     3 |     8 |       ||    12
       Scroll            |       |    15 |     6 |     3 ||    24
 Stab: Invisible         |     2 |       |     1 |       ||     3
       Distracted        |       |     1 |       |       ||     1
       Sleeping          |       |       |     1 |       ||     1
  Eat: Chunk             |     6 |     8 |    19 |     1 ||    34
       Fruit             |       |       |     2 |       ||     2
       Bread ration      |       |       |       |     1 ||     1
